[Event "Titled Tuesday Blitz September 28 2021"]
[White "Kotepalli, Sai Nirupama"]
[Black "Solon, Nathan"]
[WhiteFideId "5039444"]
[BlackFideId "2017229"]
[WhiteElo "2442"]
[BlackElo "2668"]
[Result "0-1"]
[Round "03"]
[TimeControl "180+1"]
[Date "2021.09.28"]
[WhiteClock "0:01:14"]
[BlackClock "0:00:54"]

1. e4 c6 2. d3 d5 3. Nd2 e5 4. Ngf3 Bd6 5. g3 Nf6 6. Bg2 O-O 7. O-O Re8 8. Re1 Nbd7 9. h4 h6 10. Nf1 dxe4 11. dxe4 Nc5 12. N3d2 Bg4 13. Bf3 Be6 14. Ne3 Qc7 15. Qe2 Rad8 16. Nf5 Bxf5 17. exf5 e4 18. Bg2 e3 19. Nf1 exf2+ 20. Qxf2 Nce4 21. Bxe4 Nxe4 22. Qf3 Nxg3 23. Rxe8+ Rxe8 24. Be3 Ne4 25. Kg2 Qe7 26. Qg4 Nf6 27. Qf3 Qe4 28. Bf2 Qxc2 29. Qb3 Qxf5 0-1


[Site "https://www.chess.com"]

[Event "Titled Tuesday Blitz September 28 2021"]
[White "Kovalchuk94"]
[Black "Karas, Marek"]
[BlackFideId "14928558"]
[WhiteElo "2686"]
[BlackElo "2273"]
[Result "0-1"]
[Round "03"]
[TimeControl "180+1"]
[Date "2021.09.28"]
[WhiteClock "0:00:16"]
[BlackClock "0:00:08"]

1. d4 Nf6 2. c4 e6 3. Nf3 b6 4. g3 Ba6 5. b3 Bb4+ 6. Bd2 Be7 7. Bg2 Bb7 8. Bc3 O-O 9. Nbd2 c5 10. dxc5 Bxc5 11. O-O Nc6 12. e4 d5 13. Bxf6 Qxf6 14. exd5 exd5 15. cxd5 Nb4 16. Ne4 Qb2 17. Nxc5 bxc5 18. d6 Rfd8 19. Re1 h6 20. Re2 Qf6 21. Rd2 Rd7 22. a3 Nd5 23. Rc1 Rxd6 24. Rxc5 Rad8 25. Qe1 Nb6 26. Rxd6 Qxd6 27. b4 Bc6 28. h4 Re8 29. Qc1 Bb7 30. Qd2 Qf6 31. Rc3 Be4 32. Re3 Nc4 33. Qe2 Nxe3 34. Qxe3 Bc6 35. Qd3 Rd8 36. Qe3 Re8 37. Qd3 Bxf3 38. Qxf3 Qxf3 39. Bxf3 Rb8 40. Bc6 Rd8 41. Kg2 Rd3 42. a4 Rb3 43. b5 Kf8 44. a5 Ke7 45. a6 Kd6 46. Kh2 f6 47. Kg2 g5 48. hxg5 hxg5 49. Kh3 Rb4 50. f3 Kc5 51. Be8 Rxb5 52. Bxb5 Kxb5 53. Kg4 Kxa6 54. Kf5 Kb5 55. Kxf6 a5 56. f4 a4 57. fxg5 a3 58. g6 a2 59. g7 a1=Q+ 60. Kf7 Qf1+ 61. Kg6 Qd3+ 62. Kh6 Qe3+ 63. Kh7 Qe4+ 64. Kh8 Qh1+ 65. Kg8 Kc6 66. Kf7 Qf3+ 67. Ke7 Qe4+ 68. Kf7 Qf5+ 69. Ke7 Qe5+ 70. Kf7 Qf5+ 71. Ke7 Qg6 72. Kf8 Qf6+ 73. Kg8 Kd7 74. g4 Ke7 75. g5 Qxg5 76. Kh8 Qh5+ 77. Kg8 Kf6 78. Kf8 Qf7# 0-1


[Site "https://www.chess.com"]

[Event "Titled Tuesday Blitz September 28 2021"]
[White "Kovalev, Vladislav"]
[Black "Skatchkov, Valery"]
[WhiteFideId "13504398"]
[BlackFideId "24195812"]
[WhiteElo "2813"]
[BlackElo "2580"]
[Result "1-0"]
[Round "03"]
[TimeControl "180+1"]
[Date "2021.09.28"]
[WhiteClock "0:00:09"]
[BlackClock "0:00:04"]

1. e4 e5 2. Nf3 Nf6 3. Nxe5 d6 4. Nf3 Nxe4 5. Bd3 Nf6 6. O-O Be7 7. c3 O-O 8. Bc2 Bg4 9. d4 c6 10. Nbd2 Re8 11. Re1 Nbd7 12. Nf1 Bf8 13. Rxe8 Qxe8 14. Ng3 Bxf3 15. Qxf3 Qe1+ 16. Nf1 Re8 17. Rb1 Qe6 18. Bb3 d5 19. Bc2 Ne4 20. Be3 Bd6 21. Re1 Ndf6 22. h3 h6 23. g3 Qxh3 24. Qg2 Qh5 25. Bd1 Qg6 26. Bc1 Nd7 27. f3 Nef6 28. Bc2 Qh5 29. Rxe8+ Nxe8 30. Qe2 Nef6 31. Kg2 Nf8 32. Ne3 Ne6 33. Ng4 Bc7 34. Nxf6+ gxf6 35. Qd3 Ng5 36. Qf5 Kg7 37. Bd3 Qg6 38. Bd2 Ne6 39. f4 Nxf4+ 40. Bxf4 Bxf4 41. Qxg6+ fxg6 42. gxf4 f5 43. Kg3 Kf6 44. c4 Ke6 45. c5 a5 46. b3 g5 47. a3 g4 48. Kh4 Kf6 49. b4 axb4 50. axb4 Kg6 51. b5 Kf7 52. b6 Kg6 53. Kg3 Kf6 54. Ba6 Ke7 55. Bxb7 Kd7 56. Ba6 Kd8 57. Bd3 Kd7 58. Bxf5+ 1-0


[Site "https://www.chess.com"]

[Event "Titled Tuesday Blitz September 28 2021"]
[White "Kovanova, Baira"]
[Black "Maze, Sebastien"]
[WhiteFideId "4164083"]
[BlackFideId "613762"]
[WhiteElo "2187"]
[BlackElo "2462"]
[Result "0-1"]
[Round "03"]
[TimeControl "180+1"]
[Date "2021.09.28"]
[WhiteClock "0:00:08"]
[BlackClock "0:01:09"]

1. e4 c5 2. Nf3 Nc6 3. Bb5 e6 4. Bxc6 bxc6 5. O-O Ne7 6. e5 f6 7. d4 cxd4 8. Qxd4 Ng6 9. Nc3 Qb6 10. Qe4 Be7 11. h4 O-O 12. h5 Nxe5 13. Nxe5 fxe5 14. Qxe5 d6 15. Qg3 e5 16. h6 g6 17. Bg5 Qd8 18. Ne4 Rf5 19. Bxe7 Qxe7 20. Qc3 Bd7 21. Rfe1 Raf8 22. Re2 d5 23. Ng3 Rg5 24. Rae1 e4 25. Qd4 Qf6 26. Qxa7 Bg4 27. Rxe4 dxe4 28. Nxe4 Qe5 29. f4 Rxf4 30. Rd1 Bxd1 0-1


[Site "https://www.chess.com"]

[Event "Titled Tuesday Blitz September 28 2021"]
[White "Krysa, Leandro"]
[Black "Damjanovic, Vladimir"]
[WhiteFideId "116807"]
[BlackFideId "903795"]
[WhiteElo "2490"]
[BlackElo "2374"]
[Result "1-0"]
[Round "03"]
[TimeControl "180+1"]
[Date "2021.09.28"]
[WhiteClock "0:01:29"]
[BlackClock "0:00:02"]

1. e4 e5 2. Nf3 Nc6 3. Bb5 a6 4. Ba4 Nf6 5. d3 d6 6. c3 Be7 7. O-O O-O 8. Re1 Re8 9. Nbd2 h6 10. Nf1 b5 11. Bb3 Na5 12. Bc2 c5 13. Ne3 Bf8 14. a4 Rb8 15. axb5 axb5 16. Bd2 Nc6 17. Bb3 Be6 18. Bxe6 Rxe6 19. h3 Re8 20. Qb3 Qd7 21. Ra6 Rb7 22. Rea1 Reb8 23. Nd5 Nxd5 24. Qxd5 Ne7 25. Qxd6 Qxd6 26. Rxd6 c4 27. dxc4 bxc4 28. Bc1 Ng6 29. Rd5 Nf4 30. Rd2 Nd3 31. b4 cxb3 32. Rxd3 b2 33. Bxb2 Rxb2 34. Nxe5 Re2 35. Nd7 Rxe4 36. Nxb8 1-0


[Site "https://www.chess.com"]

[Event "Titled Tuesday Blitz September 28 2021"]
[White "Le, Tuan Minh"]
[Black "Seemann, Jakub"]
[WhiteFideId "12401153"]
[BlackFideId "21874697"]
[WhiteElo "2450"]
[BlackElo "1849"]
[Result "1-0"]
[Round "03"]
[TimeControl "180+1"]
[Date "2021.09.28"]
[WhiteClock "0:00:15"]
[BlackClock "0:00:01"]

1. d4 Nf6 2. Nf3 e6 3. Bf4 d5 4. e3 Bd6 5. Nbd2 O-O 6. c3 c5 7. Bd3 Qc7 8. Bxd6 Qxd6 9. Ne5 b6 10. Qe2 a5 11. O-O Ba6 12. Bxa6 Nxa6 13. f4 Nb8 14. Rf3 Nbd7 15. Rh3 Rfc8 16. g4 Nf8 17. g5 Ne4 18. Nxe4 dxe4 19. Rf1 Ra7 20. Qg2 Qd5 21. c4 Qd6 22. Qxe4 cxd4 23. exd4 f6 24. gxf6 gxf6 25. Rg3+ Kh8 26. Ng4 f5 27. Qe5+ Qxe5 28. Nxe5 Ng6 29. b3 Nxe5 30. fxe5 b5 31. d5 bxc4 32. bxc4 Rxc4 33. Rb1 Rg4 34. d6 Rxg3+ 35. hxg3 Rd7 36. Rc1 Kg8 37. Rc7 Rd8 38. Re7 Rb8 39. Rxe6 Kf8 40. Kf2 Rb2+ 41. Ke3 Rb8 42. Kf4 1-0


[Site "https://www.chess.com"]

[Event "Titled Tuesday Blitz September 28 2021"]
[White "Lehtosaari, Mauri"]
[Black "Wong, Yinn Long"]
[WhiteFideId "501999"]
[BlackFideId "5707684"]
[WhiteElo "2447"]
[BlackElo "2016"]
[Result "1/2-1/2"]
[Round "03"]
[TimeControl "180+1"]
[Date "2021.09.28"]
[WhiteClock "0:00:14"]
[BlackClock "0:00:10"]

1. d4 Nf6 2. Nf3 e6 3. Bg5 c5 4. e3 b6 5. Nbd2 Bb7 6. c3 Be7 7. Bd3 cxd4 8. cxd4 h6 9. Bh4 O-O 10. O-O d6 11. Rc1 Nbd7 12. Bb1 Nd5 13. Bxe7 Qxe7 14. a3 Rac8 15. Qb3 N5f6 16. h3 e5 17. Rfe1 g6 18. Qa4 a6 19. Ba2 Kg7 20. Qd1 Rxc1 21. Qxc1 Rc8 22. Qb1 b5 23. dxe5 dxe5 24. b4 Nb6 25. Qb2 Na4 26. Qa1 Nc3 27. Bb3 Qd6 28. Nf1 Bxf3 29. gxf3 Qd3 30. Ba2 Qf5 31. Kg2 e4 32. f4 Qh5 33. Nh2 Nxa2 34. Qxa2 Qf5 35. Qe2 g5 36. fxg5 hxg5 37. Ng4 Rh8 38. Rh1 Rh4 39. Kg3 Nxg4 40. hxg4 Qh7 41. Rxh4 Qxh4+ 42. Kg2 Kg6 43. f3 Qh8 44. fxe4 Qe5 45. Qf3 Qb2+ 46. Kh3 Qh8+ 47. Kg3 Qe5+ 48. Kg2 f6 49. Qf5+ Kf7 50. Qxe5 fxe5 51. Kf2 Ke6 52. Ke2 Kd6 53. Kd3 Kc6 54. Kc3 Kd6 55. Kb3 Kc6 56. Kc3 Kd6 57. Kd3 Kc6 58. Kc3 1/2-1/2


[Site "https://www.chess.com"]

[Event "Titled Tuesday Blitz September 28 2021"]
[White "Leitao, Rafael"]
[Black "Korobov, Anton"]
[WhiteFideId "2101246"]
[BlackFideId "14105730"]
[WhiteElo "2725"]
[BlackElo "2986"]
[Result "0-1"]
[Round "03"]
[TimeControl "180+1"]
[Date "2021.09.28"]
[WhiteClock "0:00:15"]
[BlackClock "0:00:18"]

1. c4 Nf6 2. Nc3 g6 3. g3 Bg7 4. Bg2 O-O 5. Nf3 Nc6 6. d4 a6 7. O-O Rb8 8. Bf4 b5 9. cxb5 axb5 10. Rc1 b4 11. Na4 Nd5 12. Qd2 Nxf4 13. gxf4 e6 14. Nc5 Ne7 15. e3 d6 16. Nd3 b3 17. axb3 Rxb3 18. Qc2 Rb7 19. Ra1 Bd7 20. Rfc1 Nd5 21. Ra3 Qe7 22. e4 Nf6 23. Nd2 Nh5 24. Rc3 Bb5 25. f5 Bxd4 26. Rb3 Bxd3 27. Rxd3 Nf4 28. Rxd4 Ne2+ 29. Kh1 Nxd4 30. Qd3 e5 31. Nc4 Kh8 32. f4 c6 33. fxe5 dxe5 34. Rf1 Rb3 35. Qd2 gxf5 36. exf5 Rg8 37. f6 Qe6 38. Qh6 Qg4 39. Rg1 Qg5 40. Qh3 Rxh3 0-1


[Site "https://www.chess.com"]

[Event "Titled Tuesday Blitz September 28 2021"]
[White "Levitskiy, Andrey"]
[Black "Onyshchuk, Volodymyr"]
[WhiteFideId "14132885"]
[BlackFideId "14114038"]
[WhiteElo "2612"]
[BlackElo "2855"]
[Result "0-1"]
[Round "03"]
[TimeControl "180+1"]
[Date "2021.09.28"]
[WhiteClock "0:00:06"]
[BlackClock "0:00:14"]

1. e4 e5 2. Nf3 Nc6 3. Bc4 Bc5 4. c3 Nf6 5. d3 a5 6. h3 d6 7. Bb3 h6 8. Nbd2 O-O 9. Nf1 d5 10. exd5 Nxd5 11. Ng3 Re8 12. O-O Bf8 13. Re1 Nb6 14. a4 Be6 15. Bc2 Nd7 16. Be3 g6 17. d4 exd4 18. Nxd4 Nxd4 19. Bxd4 Qh4 20. Qf3 c6 21. Re4 Qg5 22. h4 Qd5 23. Rae1 h5 24. b3 c5 25. c4 Qc6 26. Bb2 Bg7 27. Bxg7 Kxg7 28. Nxh5+ gxh5 29. Qxh5 f5 30. Qg5+ Kf7 31. Rf4 Nf6 32. Bxf5 Bxf5 33. Rxe8 Rxe8 34. Qxf5 Re1+ 35. Kh2 Qd6 36. g3 Qc6 37. Qh7+ Ke8 38. Qh8+ Ke7 39. Qg7+ Ke8 40. Rxf6 Qh1# 0-1


[Site "https://www.chess.com"]

[Event "Titled Tuesday Blitz September 28 2021"]
[White "Lossi C., Cyrano Jose"]
[Black "Aradhya, Garg"]
[WhiteFideId "7301600"]
[BlackFideId "25006746"]
[WhiteElo "1811"]
[BlackElo "2146"]
[Result "0-1"]
[Round "03"]
[TimeControl "180+1"]
[Date "2021.09.28"]
[WhiteClock "0:00:17"]
[BlackClock "0:01:27"]

1. e4 e5 2. Nf3 Nc6 3. Bc4 Nf6 4. d3 Bc5 5. O-O O-O 6. Re1 d6 7. h3 Na5 8. Bb3 Re8 9. Be3 Nxb3 10. axb3 a5 11. Bxc5 dxc5 12. Nbd2 b6 13. Nf1 Nh5 14. Ne3 Nf4 15. Nh2 Re6 16. Nf5 Rg6 17. g4 Nxh3+ 18. Kf1 Bxf5 19. exf5 Rh6 20. Qf3 Ng5 21. Qg3 Qd5 22. f3 f6 23. Re2 Qd4 24. c3 Qxd3 25. Re1 Rh3 26. Qg2 Nxf3 27. Nxf3 Rxf3+ 28. Kg1 Rd8 29. Kh2 h5 30. gxh5 Rxf5 31. Rg1 Rxh5+ 0-1


[Site "https://www.chess.com"]

[Event "Titled Tuesday Blitz September 28 2021"]
[White "Lovkov, Roman"]
[Black "Bach, Ngoc Thuy Duong"]
[WhiteFideId "4157389"]
[BlackFideId "12408956"]
[WhiteElo "2371"]
[BlackElo "1896"]
[Result "1-0"]
[Round "03"]
[TimeControl "180+1"]
[Date "2021.09.28"]
[WhiteClock "0:00:13"]
[BlackClock "0:00:01"]

1. e4 c5 2. c3 Nf6 3. e5 Nd5 4. Nf3 Nc6 5. d4 cxd4 6. cxd4 d6 7. Bc4 Nb6 8. Bb5 d5 9. O-O a6 10. Bxc6+ bxc6 11. Qc2 Qc7 12. Nc3 Bg4 13. Ne1 e6 14. Nd3 Bf5 15. b3 Be7 16. Be3 O-O 17. Qd2 a5 18. Nb2 Bb4 19. a3 Be7 20. Rfc1 Qb7 21. Ne2 Rfc8 22. Rc3 Nd7 23. Na4 Rab8 24. Ng3 Bg6 25. Bg5 Bxg5 26. Qxg5 c5 27. Nxc5 Nxc5 28. dxc5 d4 29. Rc4 Qxb3 30. Rxd4 Qc3 31. Rad1 h6 32. Qf4 Qxc5 33. h4 Bc2 34. R1d2 Qxa3 35. Rd7 Qf8 36. Ra7 Bg6 37. h5 Bf5 38. Nxf5 exf5 39. Rxa5 Qb4 40. Qxb4 Rxb4 41. g3 Re4 42. Rd7 Re8 43. Raa7 Rf8 44. Re7 f4 45. Kg2 fxg3 46. Kxg3 1-0


[Site "https://www.chess.com"]

[Event "Titled Tuesday Blitz September 28 2021"]
[White "Lukovic, Vladimir"]
[Black "Bortnyk, Olexandr"]
[WhiteFideId "942952"]
[BlackFideId "14120828"]
[WhiteElo "2716"]
[BlackElo "2952"]
[Result "0-1"]
[Round "03"]
[TimeControl "180+1"]
[Date "2021.09.28"]
[WhiteClock "0:00:04"]
[BlackClock "0:00:09"]

1. e4 Nf6 2. e5 Nd5 3. Nc3 Nxc3 4. dxc3 d6 5. Bf4 Nc6 6. Bb5 Bd7 7. Qe2 a6 8. Bc4 e6 9. O-O-O d5 10. Bd3 Na5 11. Nf3 c5 12. c4 Nxc4 13. Bxc4 dxc4 14. Qxc4 Be7 15. h4 h6 16. Rh3 Qa5 17. Bd2 Qa4 18. Qxa4 Bxa4 19. Rg3 g6 20. h5 g5 21. Nh2 O-O-O 22. Ng4 Bb5 23. Re3 Rd4 24. f3 Bc6 25. Ree1 b6 26. Be3 Rd5 27. c4 Rd7 28. Kc2 Bf8 29. Rxd7 Kxd7 30. Rd1+ Kc7 31. a3 a5 32. Kc3 Bg7 33. b3 Ra8 34. Rb1 Rd8 35. b4 axb4+ 36. axb4 Bf8 37. bxc5 bxc5 38. Ra1 Kb6 39. Kc2 Bb7 40. Rb1+ Kc7 41. Nf6 Ra8 42. Rb5 Bc6 43. Rb2 Ra3 44. Bd2 Ba4+ 45. Kc1 Be7 46. Bc3 Rxc3+ 47. Kd2 Rxc4 48. Ne4 Rd4+ 49. Ke3 Bc6 50. Rc2 Bxe4 51. fxe4 g4 0-1


[Site "https://www.chess.com"]

[Event "Titled Tuesday Blitz September 28 2021"]
[White "Lysyj, Igor"]
[Black "Costachi, Mihnea"]
[WhiteFideId "4150120"]
[BlackFideId "1217518"]
[WhiteElo "2838"]
[BlackElo "2609"]
[Result "0-1"]
[Round "03"]
[TimeControl "180+1"]
[Date "2021.09.28"]
[WhiteClock "0:00:10"]
[BlackClock "0:00:53"]

1. d4 Nf6 2. c4 g6 3. Nc3 Bg7 4. e4 O-O 5. Nf3 d6 6. Be2 Na6 7. O-O e5 8. Be3 c6 9. dxe5 dxe5 10. Qxd8 Rxd8 11. h3 Re8 12. c5 Nc7 13. Nd2 Be6 14. Rfd1 Rad8 15. b4 h5 16. a3 Kh7 17. Nc4 Bxc4 18. Bxc4 Ne6 19. Rxd8 Rxd8 20. Bxe6 fxe6 21. Kf1 Bh6 22. Ke2 Bxe3 23. fxe3 g5 24. a4 a6 25. g3 Kg6 26. Rb1 Rc8 27. Rd1 Kf7 28. Rf1 Ke7 29. Rd1 Ra8 30. Rb1 Kd7 31. Kd3 Ke7 32. Kc2 Nd7 33. a5 Rf8 34. Kd3 Rf2 35. Rh1 Nf6 36. h4 g4 37. Rb1 Rg2 38. Ne2 Nxe4 39. Kxe4 Rxe2 40. Rb3 Kf6 41. Rd3 Rb2 42. Rd7 Rxb4+ 43. Kd3 e4+ 44. Kc3 Rb5 45. Kc4 Rxa5 46. Rxb7 Ra3 47. Kd4 Ra4+ 48. Kc3 a5 49. Rc7 Ke5 50. Rh7 Ra3+ 51. Kc4 Rxe3 52. Rxh5+ Kf6 53. Rh6+ Kf5 54. Rh5+ Kf6 55. Rh6+ Kf7 56. Rh7+ Kg6 57. Rc7 Rxg3 58. Rxc6 Kf5 59. Ra6 Ra3 60. c6 Ra1 61. Kc3 Rc1+ 62. Kd4 Kf4 63. h5 g3 64. Ra8 e5+ 65. Kd5 g2 66. Rf8+ Ke3 67. Rg8 g1=Q 68. Rxg1 Rxg1 69. h6 Rg8 0-1


[Site "https://www.chess.com"]

[Event "Titled Tuesday Blitz September 28 2021"]
[White "Manukyan, Artyom"]
[Black "Lazavik, Denis"]
[WhiteFideId "13305786"]
[BlackFideId "13515110"]
[WhiteElo "2550"]
[BlackElo "2799"]
[Result "0-1"]
[Round "03"]
[TimeControl "180+1"]
[Date "2021.09.28"]
[WhiteClock "0:00:31"]
[BlackClock "0:01:32"]

1. e4 c5 2. Nc3 e6 3. g3 Nc6 4. Bg2 Nf6 5. Nge2 d5 6. exd5 exd5 7. d4 cxd4 8. Nxd4 Bg4 9. Qd3 Bc5 10. Nxc6 bxc6 11. O-O O-O 12. h3 Bh5 13. b3 Bg6 14. Qd1 Re8 15. Bb2 a5 16. Re1 Qd6 17. Qf3 Bxc2 18. Rac1 Be4 19. Nxe4 Nxe4 20. Rxe4 Rxe4 21. Bxg7 Kxg7 0-1


[Site "https://www.chess.com"]

[Event "Titled Tuesday Blitz September 28 2021"]
[White "Martins, Igor Carvalho Ribeiro"]
[Black "Yoo, Christopher Woojin"]
[WhiteFideId "2162962"]
[BlackFideId "30909694"]
[WhiteElo "2484"]
[BlackElo "2105"]
[Result "0-1"]
[Round "03"]
[TimeControl "180+1"]
[Date "2021.09.28"]
[WhiteClock "0:01:58"]
[BlackClock "0:02:15"]

1. Nf3 b6 2. g3 Bb7 3. Bg2 g6 4. O-O Bg7 5. d4 Nf6 6. c4 O-O 7. Nc3 Ne4 8. Nxe4 Bxe4 9. Be3 d6 10. Qd2 e6 11. Rad1 Nd7 12. Bh6 Nf6 13. Bxg7 Kxg7 14. Qf4 Qe7 15. Rd2 Rfe8 16. Rfd1 e5 17. dxe5 dxe5 18. Qe3 Bb7 19. Ng5 Bxg2 20. Kxg2 Ng4 0-1


[Site "https://www.chess.com"]

[Event "Titled Tuesday Blitz September 28 2021"]
[White "Mekhitarian, Krikor Sevag"]
[Black "Vrencian, Lehel"]
[WhiteFideId "2107660"]
[BlackFideId "1230999"]
[WhiteElo "2781"]
[BlackElo "2415"]
[Result "0-1"]
[Round "03"]
[TimeControl "180+1"]
[Date "2021.09.28"]
[WhiteClock "0:00:06"]
[BlackClock "0:00:09"]

1. Nf3 b6 2. c4 Bb7 3. Nc3 Nf6 4. g3 e5 5. Bg2 d6 6. O-O Be7 7. d4 Nbd7 8. d5 O-O 9. e4 c6 10. Re1 cxd5 11. cxd5 a6 12. h3 b5 13. Bf1 Nb6 14. Nh4 g6 15. Ng2 Qd7 16. Kh2 b4 17. Nb1 Rfc8 18. Nd2 a5 19. b3 a4 20. Rb1 axb3 21. axb3 Ra2 22. Bb2 Qc7 23. Ne3 Nfd7 24. Nec4 Bg5 25. Nxb6 Nxb6 26. Nc4 Ba6 27. h4 Bh6 28. Nxb6 Qxb6 29. Bxa6 Qxa6 30. Bc1 Rxf2+ 31. Kh3 Bxc1 32. Rxc1 Rxc1 33. Qxc1 Qa2 34. Rh1 h5 35. Qc7 Qe2 36. Qc8+ Kg7 37. Qd7 Qxe4 38. Rg1 Qxd5 39. Qc8 Qd2 40. Rh1 Qe2 41. Qd7 Qf3 42. Rg1 Qf5+ 43. Qxf5 Rxf5 44. Rd1 Rf3 45. Rb1 d5 46. Kg2 e4 47. Rd1 Rd3 48. Rb1 Kf6 49. Kf2 Ke5 50. Ra1 Rxb3 51. Ra7 Rb2+ 52. Ke1 Kd4 53. Rxf7 Ke3 54. Kf1 b3 55. Rb7 Rb1+ 56. Kg2 d4 57. Rb6 d3 0-1


[Site "https://www.chess.com"]

[Event "Titled Tuesday Blitz September 28 2021"]
[White "Mgeladze, Tamaz"]
[Black "Karavaeva, Olga"]
[WhiteFideId "13601202"]
[BlackFideId "4124111"]
[WhiteElo "2258"]
[BlackElo "2105"]
[Result "1-0"]
[Round "03"]
[TimeControl "180+1"]
[Date "2021.09.28"]
[WhiteClock "0:01:00"]
[BlackClock "0:00:19"]

1. c4 e6 2. Nf3 d5 3. g3 c6 4. b3 Nf6 5. Bb2 Nbd7 6. Bg2 Bd6 7. d3 O-O 8. O-O Re8 9. e4 dxe4 10. dxe4 Nxe4 11. Nc3 Ndf6 12. Nxe4 Nxe4 13. Qc2 Nf6 14. Rad1 Qe7 15. Ng5 e5 16. Rfe1 h6 17. Nf3 Bg4 18. c5 Bxf3 19. Bxf3 Bc7 20. Re3 Rad8 21. Rde1 Nd7 22. b4 a6 23. Qf5 Qf6 24. Qe4 Qe6 25. a3 f5 26. Qh4 e4 27. Bd1 Nf6 28. Bb3 Nd5 29. f3 Be5 30. Bxe5 Qxe5 31. fxe4 f4 32. Qxf4 Qxf4 33. gxf4 1-0


[Site "https://www.chess.com"]

[Event "Titled Tuesday Blitz September 28 2021"]
[White "Molina, Roberto Junio Brito"]
[Black "Terry, Renato"]
[WhiteFideId "2109450"]
[BlackFideId "3803457"]
[WhiteElo "2721"]
[BlackElo "2970"]
[Result "1-0"]
[Round "03"]
[TimeControl "180+1"]
[Date "2021.09.28"]
[WhiteClock "0:01:28"]
[BlackClock "0:00:28"]

1. d4 Nf6 2. c4 b6 3. Nf3 e6 4. g3 Bb7 5. Bg2 g6 6. Nc3 Ne4 7. Bd2 Bg7 8. Qc2 Nxd2 9. Qxd2 d6 10. O-O-O Nd7 11. Kb1 Qe7 12. Ne1 c6 13. Nc2 O-O-O 14. e4 Kb8 15. f4 Rc8 16. Rhe1 Rhd8 17. Qe3 c5 18. d5 Ka8 19. Rd2 e5 20. Bh3 a6 21. Rf2 Rc7 22. Na4 Ka7 23. Qb3 Rb8 24. Bxd7 Qxd7 25. Qxb6+ Ka8 26. Qa5 Ka7 27. Na3 Rcc8 28. Nb5+ 1-0


[Site "https://www.chess.com"]

[Event "Titled Tuesday Blitz September 28 2021"]
[White "Moskalenko, Alexander"]
[Black "Baches Garcia, Guillermo"]
[WhiteFideId "4155351"]
[BlackFideId "2209764"]
[WhiteElo "2515"]
[BlackElo "2482"]
[Result "1-0"]
[Round "03"]
[TimeControl "180+1"]
[Date "2021.09.28"]
[WhiteClock "0:01:04"]
[BlackClock "0:00:01"]

1. e4 c5 2. Nf3 d6 3. d4 cxd4 4. Nxd4 Nf6 5. Nc3 Nc6 6. Bg5 e6 7. Qd2 h6 8. Bxf6 gxf6 9. O-O-O a6 10. f4 Bd7 11. Kb1 Qb6 12. Nf3 O-O-O 13. f5 Be7 14. Bc4 Kb8 15. Ne2 Ne5 16. Bb3 Qf2 17. Ned4 Qxd2 18. Rxd2 Nxf3 19. gxf3 d5 20. fxe6 fxe6 21. exd5 e5 22. Ne2 Bd6 23. c4 Rhg8 24. Nc3 f5 25. Ba4 Bc8 26. a3 Bc5 27. b4 Bd4 28. Ne2 Be3 29. Rd3 f4 30. Nc3 Bf5 31. Ne4 Rg2 32. c5 Bd4 33. d6 Rdg8 34. Bc2 Bd7 35. Nf6 Bb5 36. Nxg8 Bxd3 37. Bxd3 Rxg8 38. Kc2 Rg2+ 39. Kb3 b5 40. cxb6 Kb7 41. Kc4 Kxb6 42. Kd5 Rg1 43. Rxg1 Bxg1 44. h4 h5 45. Kxe5 1-0


[Site "https://www.chess.com"]

[Event "Titled Tuesday Blitz September 28 2021"]
[White "Nozdrachev, Leonid"]
[Black "Vokhidov, Shamsiddin"]
[WhiteFideId "24113433"]
[BlackFideId "14204223"]
[WhiteElo "2615"]
[BlackElo "2867"]
[Result "0-1"]
[Round "03"]
[TimeControl "180+1"]
[Date "2021.09.28"]
[WhiteClock "0:00:05"]
[BlackClock "0:00:54"]

1. e4 c5 2. c3 e5 3. Nf3 Nc6 4. Bc4 Nf6 5. d4 cxd4 6. cxd4 exd4 7. O-O Nxe4 8. Re1 d5 9. Bxd5 Qxd5 10. Nc3 Qd8 11. Rxe4+ Be7 12. Nxd4 O-O 13. Nxc6 bxc6 14. Qxd8 Bxd8 15. Bf4 Bf5 16. Rc4 Rc8 17. Re1 Bb6 18. Be3 Rfe8 19. g4 Bd3 20. Ra4 Rcd8 21. Kg2 f6 22. Bxb6 axb6 23. Rxe8+ Rxe8 24. Rd4 Bg6 25. Rd6 Rc8 26. Na4 b5 27. Nc5 Bf7 28. b3 Ra8 29. a4 bxa4 30. bxa4 Bd5+ 31. Kg3 Ra5 32. Rd8+ Kf7 33. Nd3 Rxa4 34. f3 Ra3 35. Ne1 Ke7 36. Rc8 Rc3 37. Rc7+ Kf8 38. Kf2 h6 39. h4 Kg8 40. g5 fxg5 41. hxg5 hxg5 42. Kg3 Kh7 43. Kg4 Re3 44. Ng2 Bxf3+ 45. Kg3 Bxg2+ 46. Kxg2 Rc3 47. Kf2 Kh6 48. Kg2 c5 49. Kf2 c4 50. Kg2 g6 51. Kf2 g4 52. Kg2 Kg5 53. Rc5+ Kf4 54. Rc6 Rc2+ 55. Kg1 Kg3 56. Kf1 Rc1+ 57. Ke2 Kg2 58. Rxc4 Rxc4 59. Kd3 Rf4 60. Ke3 Rf5 0-1


[Site "https://www.chess.com"]

[Event "Titled Tuesday Blitz September 28 2021"]
[White "Odegov, Artem"]
[Black "Goltsev, Dmitry"]
[WhiteFideId "34183644"]
[BlackFideId "24176710"]
[WhiteElo "2257"]
[BlackElo "2334"]
[Result "1-0"]
[Round "03"]
[TimeControl "180+1"]
[Date "2021.09.28"]
[WhiteClock "0:00:06"]
[BlackClock "0:00:08"]

1. d4 e6 2. c4 Nf6 3. Nf3 Bb4+ 4. Bd2 Qe7 5. g3 Ne4 6. Bg2 Nxd2 7. Nbxd2 O-O 8. O-O c6 9. e4 d5 10. e5 Nd7 11. Qc2 f6 12. Rae1 f5 13. Re2 g5 14. Rd1 a6 15. Nb3 b5 16. cxd5 cxd5 17. a3 Bb7 18. axb4 Qxb4 19. Nxg5 Rac8 20. Qd3 Rfe8 21. g4 Qe7 22. Nxe6 Qxe6 23. gxf5 Qe7 24. f6 Nxf6 25. Qg3+ Kh8 26. exf6 Qxf6 27. Rxe8+ Rxe8 28. Nc5 Bc6 29. Qf3 Qg6 30. h3 a5 31. Qg3 Qf6 32. Rd3 a4 33. Rf3 Qxd4 34. Ne6 Qxb2 35. Rf7 a3 36. Qh4 Qa1+ 37. Kh2 Qe5+ 38. f4 Qf5 39. Rxf5 Rxe6 40. Rf8+ Kg7 41. Rc8 a2 42. Rc7+ Kf8 43. Qd8+ Be8 44. Ra7 b4 45. Qg5 a1=Q 46. Rxa1 b3 47. Ra7 Bf7 48. Qd8+ Kg7 49. Qg5+ Rg6 50. Qe5+ Rf6 51. Bxd5 b2 52. Rxf7+ Kg6 53. Rxf6+ Kg7 54. Qe7+ Kh8 55. Rf8# 1-0


[Site "https://www.chess.com"]

[Event "Titled Tuesday Blitz September 28 2021"]
[White "Omariev, Maksim"]
[Black "Kosakowski, Jakub"]
[WhiteFideId "4193423"]
[BlackFideId "1185080"]
[WhiteElo "2461"]
[BlackElo "2340"]
[Result "0-1"]
[Round "03"]
[TimeControl "180+1"]
[Date "2021.09.28"]
[WhiteClock "0:00:02"]
[BlackClock "0:00:54"]

1. e4 c5 2. Nf3 e6 3. d4 cxd4 4. Nxd4 Nc6 5. Nb5 d6 6. Bf4 e5 7. Be3 a6 8. N5c3 Nf6 9. Nd5 Nxd5 10. Qxd5 Be6 11. Qd2 Rc8 12. Nc3 Be7 13. Be2 O-O 14. O-O Qa5 15. a3 Nd4 16. Bxd4 exd4 17. Qxd4 Rc6 18. Rfd1 Rfc8 19. Qb4 Qc7 20. Nd5 Bxd5 21. Rxd5 Rxc2 22. Bd3 Rc1+ 23. Rxc1 Qxc1+ 24. Bf1 b5 25. Qd2 Qb1 26. f3 Rc1 27. Kf2 Rc2 28. Be2 Rxd2 29. Rxd2 h6 30. Rd5 Qxb2 0-1


[Site "https://www.chess.com"]

[Event "Titled Tuesday Blitz September 28 2021"]
[White "Ozen, Bahadir"]
[Black "Zhigalko, Sergei"]
[WhiteFideId "6337058"]
[BlackFideId "13502956"]
[WhiteElo "2645"]
[BlackElo "2887"]
[Result "0-1"]
[Round "03"]
[TimeControl "180+1"]
[Date "2021.09.28"]
[WhiteClock "0:00:48"]
[BlackClock "0:00:15"]

1. Nf3 d5 2. g3 c6 3. Bg2 Bg4 4. h3 Bh5 5. O-O e6 6. d4 Nf6 7. c4 Be7 8. cxd5 exd5 9. Qb3 Qb6 10. Qe3 Qd8 11. Qb3 Qb6 12. Qe3 Bg6 13. Nh4 Qd8 14. Qb3 Qb6 15. Qe3 Nbd7 16. Nc3 Qd8 17. Nxg6 hxg6 18. Qd3 O-O 19. h4 Re8 20. Bf3 Bd6 21. Bg5 Qe7 22. Kg2 Qe6 23. Bxf6 Nxf6 24. Rh1 Re7 25. Rab1 Rae8 26. e3 Ne4 27. h5 g5 28. Bxe4 dxe4 29. Qe2 Qf5 30. Rbd1 Bb4 31. a3 Bxc3 32. bxc3 Re6 33. c4 Rd8 34. Rd2 Rf6 35. Rb2 b6 36. Rd2 Rdd6 37. Kg1 Qa5 38. Ra2 Rf3 39. Rh2 Rdf6 40. Qd2 Qf5 41. Rc2 Rxg3+ 42. Kf1 Rh3 43. Rg2 Rh1+ 44. Rg1 Qh3+ 0-1


[Site "https://www.chess.com"]